 Dungeon Crawl Stone Soup version 0.32-a0-42-ga30500b4d3 (webtiles) character file.

Game seed: 5719908817561562600

253 porpoise the Slasher (level 5, -6/41 HPs)
             Began as a Demonspawn Gladiator on Jan 27, 2024.
             Mangled by an orc warrior
             ... wielding a +0 long sword
              (14 damage)
             ... on level 3 of the Dungeon.
             The game lasted 00:09:27 (2769 turns).

porpoise the Slasher (Demonspawn Gladiator)         Turns: 2769, Time: 00:09:27

Health: -6/41      AC:  9    Str: 14    XL:     5   Next: 90%
Magic:  5/5        EV: 14    Int:  8    God:
Gold:   204        SH:  0    Dex: 17    Spells: 4/4 levels left

rFire   . . .        a - +0 long sword
rCold   . . .        (no shield)
rNeg    + . .        b - +0 leather armour
rPois   .            (helmet restricted)
rElec   .            (no cloak)
rCorr   .            h - +1 pair of gloves
SInv    .            (no boots)
Will    .....        (no amulet)
Stlth   ++           i - ring of positive energy
HPRegen 0.26/turn    l - +4 ring of protection
MPRegen 0.09/turn

%: no passive effects
@: no status effects
A: horns 2, repulsion field 1
a: no special abilities


You were on level 3 of the Dungeon.
You visited 1 branch of the dungeon, and saw 3 of its levels.

You collected 204 gold pieces.

Inventory:

Hand Weapons
 a - a +0 long sword (weapon)
Missiles
 d - 3 throwing nets (quivered)
 e - 3 poisoned darts
 n - a javelin
Armour
 b - a +0 leather armour (worn)
 c - a +0 helmet
 h - a +1 pair of gloves (worn)
Jewellery
 i - a ring of positive energy (left hand)
 k - a ring of wizardry
 l - a +4 ring of protection (right hand)
Scrolls
 g - a scroll of fear {unknown}
 j - a scroll of teleportation
 m - a scroll of identify {unknown}
 o - a scroll of vulnerability {unknown}
Potions
 f - 3 potions of curing


   Skills:
 + Level 3.6 Fighting
 * Level 4.8 Long Blades
 - Level 1.7 Throwing
 - Level 2.6 Dodging
 + Level 2.2 Stealth


You had 4 spell levels left.
You didn't know any spells.
Your spell library contained the following spells:

 Spells                   Type           Power      Damage    Failure   Level
 Sting                    Conj/Alch      0%         1d3       50%         1
 Hailstorm                Conj/Ice       0%         3d5       86%         3
 Inner Flame              Hex/Fire       0%         N/A       86%         3
 Irradiate                Conj/Alch      0%         3d11      100%        5
 Spellforged Servitor     Conj/Summ      0%         N/A       100%        7
 Ignition                 Fire           0%         3d3       100%        8
 Fire Storm               Conj/Fire      0%         5d1       100%        9


Dungeon Overview and Level Annotations

Branches:
Dungeon (3/15)

Altars:

Shops:
D:2 =


Innate Abilities, Weirdness & Mutations

You have a pair of horns on your head.
You are surrounded by a mild repulsion field. (EV +2)


Message History

The orc warrior is severely wounded.
The orc warrior barely misses you.
The orc priest hits you but does no damage.
The orc priest closely misses you.
You barely miss the orc warrior.
You headbutt the orc warrior, but do no damage.
The orc warrior is severely wounded.
The orc warrior barely misses you. The orc priest completely misses you.
The orc priest casts a cantrip, but nothing happens.
You slash the orc warrior!
You punch the orc warrior, but do no damage.
The orc warrior is almost dead.
The orc warrior hits you with a +0 long sword.
The orc priest hits you but does no damage.
The orc priest barely misses you.
You hit the orc warrior but do no damage.
The orc warrior is almost dead.
The orc warrior hits you but does no damage.
The orc priest looks braver for a moment.
The orc priest hits you but does no damage.
The orc warrior misses you.
The orc priest hits you but does no damage.
You hit the orc warrior but do no damage.
Your headbutt misses the orc warrior.
The orc warrior is almost dead.
The orc priest hits you with a +0 short sword.
The orc warrior completely misses you.
The orc priest hits you but does no damage.
Unknown command.
You barely miss the orc warrior. Your headbutt misses the orc warrior.
The orc warrior is almost dead.
The orc priest barely misses you.
The orc warrior hits you with a +0 long sword!
* * * LOW HITPOINT WARNING * * *
The orc priest hits you but does no damage.
The orc priest looks encouraged for a moment.
You hit the orc warrior but do no damage.
The orc warrior is almost dead.
The orc warrior hits you with a +0 long sword!
You die...

.....#########)....##.....#..####
.....# #.....##.....#..#...
..###################.....#..#.##
......#......# #.....#..#.#.
..<...'......########.....#..#...
......#.....)......##.....#..##..
..######'#.........##.....#..#.<.
..# #.#.....o...##.....#..#.##
..# #.#.....o@..##.....#..#..#
..# #.#......o..##....)'..#..#
..# #.#.........##....)##.#..#
..# #.#######.......#..#.....#
..# #.# #.#####.#.##..####
..######.# #.#####.#.##..#...
###......# ##.............#.##
.....##### #...##########.#.##
.....# #####..#...........#...


You could see an orc warrior and 2 orc priests.

Vanquished Creatures
  A scorpion (D:3)
  An orc priest (D:3)
  Terence (D:3)
  2 orc wizards (D:3)
  2 adders (D:2)
  A dart slug (D:2)
  A ribbon worm (D:2)
  3 orcs (D:3)
  5 endoplasms
  2 giant cockroaches (D:1)
  6 goblins
  4 hobgoblins
  2 jackals (D:1)
  10 kobolds
  4 quokkas
  6 ball pythons
  9 bats
  4 frilled lizards
  5 rats
69 creatures vanquished.

Notes
Turn   | Place    | Note
-------+----------+-------------------------------------------
     0 | D:1      | porpoise the Demonspawn Gladiator began the quest for the
                  | Orb.
     0 | D:1      | Reached XP level 1. HP: 16/16 MP: 1/1
   115 | D:1      | Reached skill level 3 in Long Blades
   212 | D:1      | Gained mutation: You are surrounded by a mild repulsion
                  | field. (EV +2) [demonic ancestry]
   212 | D:1      | Reached XP level 2. HP: 20/22 MP: 2/2
   568 | D:1      | Reached XP level 3. HP: 28/28 MP: 3/3
   808 | D:2      | Got the Notes on Conflict
  1271 | D:2      | Found Urros's Jewellery Boutique.
  1379 | D:2      | Gained mutation: You have a pair of small horns on your
                  | head. [demonic ancestry]
  1379 | D:2      | Reached XP level 4. HP: 34/34 MP: 4/4
  1619 | D:3      | Noticed an orc warrior
  1775 | D:3      | Noticed a scorpion
  1785 | D:3      | Killed a scorpion
  1786 | D:3      | Reached skill level 4 in Long Blades
  1786 | D:3      | Reached skill level 1 in Stealth
  1869 | D:3      | Gained mutation: You have a pair of horns on your head.
                  | [demonic ancestry]
  1869 | D:3      | Reached XP level 5. HP: 41/41 MP: 5/5
  2061 | D:3      | Noticed Terence
  2074 | D:3      | Killed Terence
  2769 | D:3      | Mangled by an orc warrior

Illustrated notes

Levels and vault maps discovered:
D:1:      wander_arrival_chamber, layout_loops_ring, minmay_misc_feat_hallway
D:2:      layout_basic, serial_shops, nicolae_shop_crystal, serial_corexii_hall,
          chequers_hall_statues_wall_a, chequers_hall_statues_wall_a,
          small_statue_intersection, minmay_misc_feat_four_crosses
D:3:      layout_basic, mainiacjoe_overflow_cross_hatched, uniq_terence

Skill      XL: |  1  2  3  4  5 |
---------------+----------------+-----
Long Blades    | 3 4 |  4.8
Fighting       | 3 |  3.6
Stealth        | 1 2 |  2.2
Throwing       | |  1.7
Dodging        | |  2.6

Action                     |  1- 3 |  4- 6 || total
---------------------------+-------+-------++-------
  Melee: Long sword        |   107 |    97 ||   204
         Headbutt          |       |    19 ||    19
         Punch             |       |     2 ||     2
  Throw: Javelin           |       |     2 ||     2
         Dart              |       |     6 ||     6
    Use: Scroll            |       |     2 ||     2
         Potion            |       |     1 ||     1
   Stab: Sleeping          |     5 |       ||     5
 Armour: Leather armour    |    39 |    77 ||   116
  Dodge: Dodged            |    80 |    83 ||   163

Table legend: (Time is in decaauts)
 A = Elapsed time spent in this place.
 B = Non-inter-level travel time spent in this place.
 C = Inter-level travel time spent in this place.
 D = Time resting spent in this place.
 E = Time spent auto-exploring this place.
 F = Levels seen in this place.
 G = Mean time per level.
                   A        B        C        D        E       F      G
               +--------+--------+--------+--------+--------+-----+--------+
         Total |   2810 |   2708 |    102 |    619 |   1446 |   3 |  936.7 |
       Dungeon |   2810 |   2708 |    102 |    619 |   1446 |   3 |  936.7 |
               +--------+--------+--------+--------+--------+-----+--------+

Top non-repeatable levels by time:
     D:3: 1171 daAuts
     D:2: 861 daAuts
     D:1: 777 daAuts
